 Dungeon Crawl Stone Soup version 0.31-a0-865-g3d5d91748a (webtiles) character file.

Game seed: 4616224042508871885

4569 pokeman the Thaumaturge (level 10, -13/56 HPs)
             Began as a Deep Elf Hedge Wizard on Oct 10, 2023.
             Was a Priest of Vehumet.
             Mangled by a meliai
             ... wielding the +8 lance "Wyrmbane" {slay drac, rPois rF+ rC+ AC+3}
              (15 damage)
             ... on level 9 of the Dungeon.
             The game lasted 00:18:35 (9361 turns).

pokeman the Thaumaturge (Deep Elf Hedge Wizard)     Turns: 9361, Time: 00:18:36

Health: -13/56     AC:  3    Str:  7    XL:     10   Next: 18%
Magic:  10/29      EV: 13    Int: 24    God:    Vehumet [***...]
Gold:   500        SH:  0    Dex: 14    Spells: 26/35 levels left

rFire   + . .        F - +2 halberd (venom)
rCold   . . .        (shield currently unavailable)
rNeg    . . .        J - +0 robe {rF+}
rPois   +            c - +0 hat
rElec   .            (no cloak)
rCorr   .            I - +0 pair of gloves
SInv    +            (no boots)
Will    +....        j - amulet of regeneration
Stlth   ++           r - ring of poison resistance
HPRegen 1.09/turn    u - ring of see invisible
MPRegen 0.21/turn

%: no passive effects
@: no status effects
A: no striking features
a: Renounce Religion


You were on level 9 of the Dungeon.
You worshipped Vehumet.
Vehumet was most pleased with you.
You visited 2 branches of the dungeon, and saw 10 of its levels.

You collected 500 gold pieces.

Inventory:

Hand Weapons
 A - a +2 whip of electrocution
 F - a +2 halberd of venom (weapon)
Armour
 c - a +0 hat (worn)
 y - a scarf of invisibility
 I - a +0 pair of gloves (worn)
 J - a +0 robe of fire resistance (worn)
Magical Staves
 b - a staff of conjuration
Jewellery
 e - an amulet of the acrobat
 j - an amulet of regeneration (around neck)
 r - a ring of poison resistance (left hand)
 s - a +6 ring of dexterity
 u - a ring of see invisible (right hand)
 w - a ring of resist corrosion
 D - a ring of protection from fire
 G - a +5 ring of evasion
Wands
 z - a wand of acid (26)
 H - a wand of polymorph (3)
 M - a wand of flame (24)
Scrolls
 g - 8 scrolls of identify {unknown}
 i - 2 scrolls of teleportation {unknown}
 k - a scroll of fear {unknown}
 l - 4 scrolls of immolation {unknown}
 o - a scroll of amnesia {unknown}
 q - a scroll of silence {unknown}
 B - 3 scrolls of poison {unknown}
 C - a scroll of enchant weapon {unknown}
 K - a scroll of enchant armour {unknown}
 L - a scroll of vulnerability {unknown}
Potions
 a - 2 potions of degeneration {unknown}
 d - 2 potions of magic
 f - 4 potions of heal wounds {unknown}
 h - 6 potions of curing
 m - a potion of mutation {unknown}
 n - 4 potions of berserk rage {unknown}
 p - a potion of haste {unknown}
 t - 3 potions of attraction {unknown}
 v - a potion of invisibility {unknown}
 x - 2 potions of might {unknown}
 E - 2 potions of cancellation {unknown}


   Skills:
 - Level 4.0 Fighting
 + Level 3.3 Armour
 - Level 3.1 Dodging
 - Level 3.3 Stealth
 * Level 13.2 Spellcasting
 + Level 7.5 Conjurations
 - Level 1.1 Summonings
 - Level 1.1 Translocations
 + Level 5.3 Fire Magic
 - Level 1.3 Air Magic
 - Level 1.2 Poison Magic
 - Level 1.1 Evocations


You had 26 spell levels left.
You knew the following spells:

 Your Spells              Type           Power      Damage    Failure   Level
a - Magic Dart            Conj           100%       1d8       1%          1
b - Mephitic Cloud        Conj/Pois/Air  32%        N/A       1%          3
c - Call Imp              Summ           42%        N/A       3%          2
d - Blink                 Tloc           42%        N/A       3%          2
e - Foxfire               Conj/Fire      100%       2x1d9     1%          1

Your spell library contained the following spells:

 Spells                   Type           Power      Damage    Failure   Level
 Searing Ray              Conj           100%       2d8       1%          2
 Slow                     Hex            60%        N/A       3%          1
 Cigotuvi's Dreadful Rot  Necr/Pois/Air  40%        N/A       4%          2
 Arcjolt                  Conj/Air       18%        1d28      4%          5
 Vhi's Electric Charge    Tloc/Air       42%        N/A       22%         4
 Plasma Beam              Fire/Air       15%        2x1d27    36%         6


Dungeon Overview and Level Annotations

Branches:
Dungeon (9/15)             Temple (1/1) D:5            Lair (0/5) D:8
    Orc: D:9-12

Altars:
Ashenzari
Cheibriados
Dithmenos
Elyvilon
Fedhas
Gozag
Hepliaklqana
Kikubaaqudgha
Makhleb
Nemelex Xobeh
Okawaru
Qazlal
Ru
Sif Muna
Trog
Uskayaw
Vehumet
Wu Jian
Xom
Yredelemnul
Zin
The Shining One

Annotations:
D:5 5 runed translucent doors
D:6 1 runed translucent door, Patattack's ghost, novice TrFi


Message History

Casting: Blink (safe; 3% risk of failure)
Confirm with . or Enter, or press ? or * to list all spells.
Aiming: Mephitic Cloud (safe; 1% risk of failure)
Press: ? - help, Shift-Dir - straight line, f - meliai, p - killer bee
Aim: a meliai, wielding the +8 lance "Wyrmbane" {slay drac, rPois rF+ rC+ AC+3} and wearing a +0 leather armour (moderately wounded, poisoned, chance to affect: 67%)
The ball explodes into a vile cloud!
The stinking cloud engulfs the meliai but does no damage.
The meliai is moderately wounded.
The stinking cloud engulfs the killer bee but does no damage.
You feel ready to blink again.
The meliai is engulfed in noxious fumes.
The meliai appears confused.
The killer bee is engulfed in noxious fumes.
The killer bee appears confused.
The killer bee stings the meliai but does no damage.
The meliai is engulfed in noxious fumes.
The meliai appears confused.
The killer bee is engulfed in noxious fumes.
The killer bee appears confused.
It was a potion of curing.
You feel better.
The killer bee is engulfed in noxious fumes.
The killer bee appears confused.
The killer bee stings you but does no damage.
The killer bee stings you!
* * * LOW HITPOINT WARNING * * *
The meliai hits the killer bee with the +8 lance "Wyrmbane" {slay drac, rPois rF+ rC+ AC+3}!
The meliai stings the killer bee.
The killer bee is killed!
Vehumet accepts your kill.
You feel your power returning.
Casting: Mephitic Cloud (safe; 1% risk of failure)
Confirm with . or Enter, or press ? or * to list all spells.
Aiming: Mephitic Cloud (safe; 1% risk of failure)
Press: ? - help, Shift-Dir - straight line, f - killer bee, p - meliai
Aim: a killer bee (chance to affect: 86%)
The ball explodes into a vile cloud!
The stinking cloud engulfs the killer bee but does no damage.
The stinking cloud engulfs you but does no damage.
The meliai hits you with the +8 lance "Wyrmbane" {slay drac, rPois rF+ rC+ AC+3}!
You die...

. #.... .#######+# #....
.........#.# #...# .........#.#
#...# #..$.....+.# #...#
#.......#.# #☼☼§# #.......#.#
#☼y○# ##.......#.#
#§@☼#.......#...... .........#.#
#°.y#.......#.....>
##C......#.####○°.#.......#......
#.......#.....○○☼#.......#......
###.###.).)......#.......#......
.....##.....y...#.......#......
.......##o.......+.......#......
.........##.###+###.......'......
..........#......##.......#......


You could see a meliai (confused, poisoned) and 2 killer bees.

Vanquished Creatures
  A cyclops (D:9)
  2 kobold demonologists (D:8)
  3 yaks (D:6)
  A vampire (D:6)
  A shadow (D:5)
  A steam dragon (D:8)
  A water moccasin (D:7)
  2 sky beasts
  An orc warrior (D:6)
  3 ice beasts
  2 ogres (D:4)
  A phantom (D:3)
  A bullfrog (D:8)
  A kobold brigand (D:6)
  A gnoll sergeant (D:8)
  6 wights (D:8)
  Dowan (D:4)
  A killer bee (D:9)
  2 electric eels (D:7)
  2 gnoll boudas
  3 jellies
  5 orc priests
  2 sleepcaps (D:6)
  A hound (D:6)
  2 iguanas
  7 orc wizards
  16 gnolls
  8 adders
  10 river rats (D:6)
  4 shadow imps (D:8)
  A white imp (D:8)
  2 ufetubi (D:6)
  A dart slug (D:4)
  A worm (D:2)
  17 orcs
  8 ball pythons
  7 endoplasms
  5 giant cockroaches
  16 goblins
  5 hobgoblins
  14 kobolds
  8 quokkas
  6 bats
  3 frilled lizards
  20 rats
206 creatures vanquished.

Vanquished Creatures (collateral kills)
  Duvessa (D:4)
  An orc wizard (D:6)
  An adder (D:2)
  A rat (D:6)
4 creatures vanquished.

Vanquished Creatures (others)
  332 foxfires
332 creatures vanquished.

Grand Total: 542 creatures vanquished

Notes
Turn   | Place    | Note
-------+----------+-------------------------------------------
     0 | D:1      | pokeman the Deep Elf Hedge Wizard began the quest for the
                  | Orb.
     0 | D:1      | Reached XP level 1. HP: 10/10 MP: 7/7
   351 | D:1      | Reached XP level 2. HP: 16/16 MP: 3/9
  1124 | D:2      | Reached skill level 5 in Spellcasting
  1124 | D:2      | Reached XP level 3. HP: 20/20 MP: 2/11
  1128 | D:2      | Learned a level 3 spell: Mephitic Cloud
  1131 | D:2      | Learned a level 2 spell: Call Imp
  1134 | D:2      | Learned a level 2 spell: Blink
  1313 | D:2      | Reached skill level 1 in Fighting
  1313 | D:2      | Reached skill level 1 in Armour
  1422 | D:2      | Reached XP level 4. HP: 25/25 MP: 5/13
  2637 | D:3      | Found a glowing golden altar of the Shining One.
  2639 | D:3      | Found a shadowy altar of Dithmenos.
  2688 | D:3      | Noticed a phantom
  2705 | D:3      | Killed a phantom
  2706 | D:3      | Reached skill level 6 in Spellcasting
  2706 | D:3      | Reached XP level 5. HP: 26/29 MP: 1/15
  2961 | D:3      | Found a snail-covered altar of Cheibriados.
  3462 | D:4      | Noticed a sky beast
  3469 | D:4      | Noticed Duvessa
  3473 | D:4      | Noticed Dowan
  3476 | D:4      | Killed a sky beast
  3477 | D:4      | Reached skill level 1 in Poison Magic
  3477 | D:4      | Reached XP level 6. HP: 19/34 MP: 11/17
  3492 | D:4      | Killed Duvessa
  3493 | D:4      | Reached skill level 7 in Spellcasting
  3493 | D:4      | Reached skill level 1 in Air Magic
  3496 | D:4      | Killed Dowan
  3605 | D:4      | Reached XP level 7. HP: 39/39 MP: 17/20
  3723 | D:4      | Found a blossoming altar of Fedhas.
  4268 | D:4      | Reached skill level 8 in Spellcasting
  4911 | D:5      | Entered Level 5 of the Dungeon
  4981 | D:5      | Found the +9 staff of Olgreb {rPois∞}
  4991 | D:5      | Noticed a redback
  4991 | D:5      | Noticed a redback
  4992 | D:5      | Found a runed translucent gate.
  4992 | D:5      | Found a runed translucent gate.
  4992 | D:5      | Noticed a redback
  4993 | D:5      | Found a runed translucent door.
  5005 | D:5      | Found a runed translucent gate.
  5007 | D:5      | Noticed a redback
  5014 | D:5      | Found a runed translucent door.
  5164 | D:5      | Found a staircase to the Ecumenical Temple.
  5173 | Temple   | Entered the Ecumenical Temple
  5182 | Temple   | Became a worshipper of Vehumet
  5392 | D:5      | Noticed a shadow
  5412 | D:5      | Killed a shadow
  5413 | D:5      | Reached skill level 9 in Spellcasting
  5459 | D:5      | Reached XP level 8. HP: 39/44 MP: 5/23
  6058 | D:6      | Reached skill level 5 in Conjurations
  6058 | D:6      | Reached skill level 1 in Evocations
  6110 | D:6      | Found a runed translucent door.
  6113 | D:6      | Noticed Patattack's ghost (novice TrFi)
  6174 | D:6      | Reached * piety under Vehumet
  6174 | D:6      | Offered knowledge of Foxfire by Vehumet.
  6178 | D:6      | Learned a level 1 spell: Foxfire
  6367 | D:6      | Reached skill level 1 in Fire Magic
  6470 | D:6      | Offered knowledge of Shock by Vehumet.
  6480 | D:6      | Reached ** piety under Vehumet
  6509 | D:6      | Reached skill level 10 in Spellcasting
  6951 | D:6      | Reached skill level 11 in Spellcasting
  6951 | D:6      | Reached XP level 9. HP: 19/49 MP: 18/26
  7124 | D:6      | Found an ornate altar of the Wu Jian Council.
  7283 | D:7      | Found a burning altar of Makhleb.
  7318 | D:7      | Found an opulent altar of Gozag.
  7751 | D:7      | Found a white marble altar of Elyvilon.
  8248 | D:8      | Noticed a kobold demonologist
  8249 | D:8      | Noticed a kobold demonologist
  8251 | D:8      | Found a transporter.
  8266 | D:8      | Reached skill level 12 in Spellcasting
  8352 | D:8      | Offered knowledge of Searing Ray by Vehumet.
  8353 | D:8      | Found a transporter.
  8379 | D:8      | Found a staircase to the Lair.
  8643 | D:8      | Reached *** piety under Vehumet
  8844 | D:8      | Noticed a +0 short sword
  8844 | D:8      | Noticed a +0 dagger
  8844 | D:8      | Noticed a +0 spear
  8845 | D:8      | Noticed a +0 falchion
  8845 | D:8      | Noticed a +0 short sword
  8845 | D:8      | Noticed a +0 dagger
  8846 | D:8      | Noticed a +0 spear
  8847 | D:8      | Noticed a +0 falchion
  8851 | D:8      | Found a hide-covered altar of Uskayaw.
  9113 | D:8      | Killed a kobold demonologist
  9114 | D:8      | Killed a kobold demonologist
  9115 | D:8      | Reached skill level 5 in Fire Magic
  9115 | D:8      | Reached XP level 10. HP: 56/56 MP: 18/28
  9306 | D:9      | Noticed a cyclops
  9331 | D:9      | Killed a cyclops
  9332 | D:9      | Reached skill level 13 in Spellcasting
  9358 | D:9      | HP: 1/56 [meliai/divine providence (17)]
  9361 | D:9      | Mangled by a meliai

Illustrated notes

Levels and vault maps discovered:
D:1:      elethiomel_arrival_infinity_welcomes_careful_drivers, layout_basic
D:2:      minmay_recursive_quarters, layout_basic,
          nicolae_concentric_dashed_squares_mild
D:3:      layout_basic, grunt_temple_overflow_open
D:4:      layout_basic, mainiacjoe_overflow_boulevard,
          dreamdust_princess_bridge, minmay_ogre_servants, uniq_duvessa
D:5:      layout_basic, minmay_temple_entry_gardened_gates, kennysheep_nub,
          minmay_guarded_unrand_staff_of_olgreb
D:6:      lemuel_ratsnest, layout_loops_ring, nzn_wu_jian_contemplation,
          ebering_ghost_reflecting_pool
D:7:      layout_loops_ring, lemuel_coloured_pillars_altar,
          mainiacjoe_overflow_catch_the_wave
D:8:      gammafunk_wand_slinger, layout_cave_pods, nicolae_uskayaw_en_pointe,
          abandoned_shop
D:9:      minmay_the_grid_octo_triangle [minmay_the_grid_octo_fat_diamond,
          minmay_the_grid_octo_prize_square_snowflake,
          minmay_the_grid_octo_empty], layout_stronghold
Temple:   cyrus_circular_temple

Skill      XL: |  1  2  3  4  5  6  7  8  9 10 |
---------------+-------------------------------+-----
Spellcasting   | 5 6 7 9 11 12 13 | 13.2
Fighting       | 1 2 4 |  4.0
Armour         | 1 2 3 |  3.3
Conjurations   | 2 3 4 6 7 |  7.5
Dodging        | 3 |  3.1
Stealth        | 3 |  3.3
Poison Magic   | 1 |  1.2
Air Magic      | 1 |  1.3
Evocations     | 1 |  1.1
Fire Magic     | 3 5 |  5.3
Summonings     | |  1.1
Translocations | |  1.1

Action                     |  1- 3 |  4- 6 |  7- 9 | 10-12 || total
---------------------------+-------+-------+-------+-------++-------
  Melee: Dagger            |    17 |    20 |   120 |       ||   157
         Punch             |     1 |       |     2 |       ||     3
         Mace              |       |    15 |       |       ||    15
         Halberd           |       |       |    28 |     3 ||    31
   Cast: Magic Dart        |    69 |    75 |   109 |    11 ||   264
         Mephitic Cloud    |     2 |     4 |    31 |     6 ||    43
         Call Imp          |     2 |     1 |     2 |       ||     5
         Foxfire           |       |       |   173 |    11 ||   184
         Blink             |       |       |     2 |     1 ||     3
    Use: Potion            |       |       |       |     1 ||     1
   Stab: Confused          |     1 |     2 |    15 |       ||    18
         Sleeping          |       |       |     1 |       ||     1
 Armour: Robe              |    16 |    28 |   105 |     9 ||   158
  Dodge: Dodged            |    22 |    23 |   118 |     8 ||   171

Table legend: (Time is in decaauts)
 A = Elapsed time spent in this place.
 B = Non-inter-level travel time spent in this place.
 C = Inter-level travel time spent in this place.
 D = Time resting spent in this place.
 E = Time spent auto-exploring this place.
 F = Levels seen in this place.
 G = Mean time per level.
                   A        B        C        D        E       F      G
               +--------+--------+--------+--------+--------+-----+--------+
         Total |   9384 |   9059 |    325 |     59 |   7613 |  10 |  938.4 |
       Dungeon |   9367 |   9048 |    319 |     59 |   7613 |   9 | 1040.8 |
        Temple |     16 |     10 |      6 |      0 |      0 |   1 |   16.0 |
               +--------+--------+--------+--------+--------+-----+--------+

Top non-repeatable levels by time:
     D:4: 1550 daAuts
     D:6: 1439 daAuts
     D:8: 1293 daAuts
     D:2: 1258 daAuts
     D:1: 1087 daAuts
     D:3: 1018 daAuts
     D:5: 905 daAuts
     D:7: 688 daAuts
     D:9: 126 daAuts
  Temple: 16 daAuts
